 Dungeon Crawl Stone Soup version 0.30-a0-311-gf115ab0292 (webtiles) character file.

Game seed: 3656444688702299237

189 Elric the Slasher (level 5, -2/41 HPs)
             Began as a Demonspawn Gladiator on Oct 25, 2022.
             Slain by an orc priest
             ... wielding a +1 hand axe of electrocution
              (16 damage)
             ... on level 4 of the Dungeon.
             The game lasted 00:12:01 (2631 turns).

Elric the Slasher (Demonspawn Gladiator)            Turns: 2631, Time: 00:12:01

Health: -2/41      AC: 15    Str: 16    XL:     5   Next: 40%
Magic:  5/5        EV:  5    Int:  9    God:
Gold:   163        SH:  0    Dex: 15    Spells: 4/4 levels left

rFire   + . .      SeeInvis .    w - +2 long sword (vorpal)
rCold   . . .      Faith    .    (no shield)
rNeg    . . .      Spirit   .    m - +0 plate armour
rPois   .          Reflect  .    c - +0 helmet
rElec   .          Harm     .    (no cloak)
rCorr   .          Rampage  .    (no gloves)
Will    .....                    (no boots)
Stlth   ..........               (no amulet)
HPRegen 0.26/turn                b - +4 ring of protection
MPRegen 0.09/turn                u - ring of protection from fire

@: no status effects
A: claws 1, powered by death 1
a: no special abilities


You were on level 4 of the Dungeon.
You visited 1 branch of the dungeon, and saw 4 of its levels.

You collected 163 gold pieces.

Inventory:

Hand Weapons
 a - a +0 long sword
 f - a +0 club
 r - a +0 dagger
 w - a +2 vorpal long sword (weapon)
Missiles
 d - 2 throwing nets (quivered)
 e - a javelin
Armour
 c - a +0 helmet (worn)
 m - a +0 plate armour (worn)
 x - a +0 hat
Jewellery
 b - a +4 ring of protection (left claw)
 u - a ring of protection from fire (right claw)
 v - a +6 ring of intelligence
Scrolls
 g - a scroll of summoning
 h - a scroll of enchant weapon {unknown}
 i - a scroll of blinking {unknown}
 l - 3 scrolls of teleportation
 p - a scroll of butterflies {unknown}
 t - a scroll of enchant armour {unknown}
Potions
 j - 2 potions of attraction
 k - a potion of resistance {unknown}
 n - a potion of curing
 o - a potion of flight
 q - a potion of might


   Skills:
 + Level 3.5 Fighting
 * Level 4.7 Long Blades
 - Level 2.0 Throwing
 - Level 2.8 Dodging


You had 4 spell levels left.
You didn't know any spells.
Your spell library contained the following spells:

 Spells                   Type           Power      Damage    Failure   Level
 Call Canine Familiar     Summ           0%         N/A       100%        3
 Portal Projectile        Hex/Tloc       0%         N/A       100%        3
 Leda's Liquefaction      Hex/Erth       0%         N/A       100%        4


Dungeon Overview and Level Annotations

Branches:
Dungeon (4/15)
 Temple: D:4-7

Altars:

Shops:
D:1 (   D:3 *


Innate Abilities, Weirdness & Mutations

You have sharp fingernails.
You regenerate a little health from kills.


Message History

The orc hits you but does no damage.
The orc wizard hits you but does no damage.
You are more poisoned.
You slash the orc wizard!
You kill the orc wizard!
You feel very sick. The orc hits you but does no damage.
You are too injured to fight recklessly!
You are too injured to fight recklessly!
You are too injured to fight recklessly!
You are too injured to fight recklessly!
You are too injured to fight recklessly!
You barely miss the orc.
You feel very sick. The orc hits you with a +0 short sword.
* * * LOW HITPOINT WARNING * * *
You barely miss the orc.
* * * LOW HITPOINT WARNING * * *
You feel very sick. The orc barely misses you.
The orc hits you with a +0 short sword.
* * * LOW HITPOINT WARNING * * *
You feel better. The orc closely misses you.
You barely miss the orc.
You hit the orc priest but do no damage.
The orc barely misses you.
The orc priest hits you but does no damage.
You barely miss the orc priest. The orc hits you but does no damage.
The orc priest hits you but does no damage.
You closely miss the orc priest. The orc hits you with a +0 short sword.
The orc priest hits you but does no damage.
You hit the orc priest.
The orc priest is moderately wounded.
The orc hits you but does no damage.
The orc priest hits you but does no damage.
You hit the orc priest but do no damage.
The orc priest is moderately wounded.
The orc hits you with a +0 short sword.
The orc priest hits you but does no damage.
You are electrocuted!
You die... ####....(.... ........... ....$.... ....... ### .$..$ #.. wo.

#######.## ##o#
#........# ###o@#
.........###...?###.#
#.........##........#
#..........#....#####
....^..).#..........#
...........#....###.#
.........#.#....#
........)#......#
.......)))<..##.....


You could see a worm, an orc priest and 2 orcs.

Vanquished Creatures
  An orc priest (D:4)
  An orc wizard (D:4)
  3 gnolls (D:3)
  3 adders
  A worm (D:2)
  17 orcs
  4 bats
  4 endoplasms
  5 goblins
  4 hobgoblins
  3 jackals (D:3)
  6 kobolds
  2 quokkas (D:1)
  2 ball pythons
  4 rats
60 creatures vanquished.

Notes
Turn   | Place    | Note
-------+----------+-------------------------------------------
     0 | D:1      | Elric the Demonspawn Gladiator began the quest for the Orb.
     0 | D:1      | Reached XP level 1. HP: 16/16 MP: 1/1
   148 | D:1      | Found Iqism's Antique Weapon Shoppe.
   238 | D:1      | Gained mutation: You regenerate a little health from kills.
                  | [demonic ancestry]
   238 | D:1      | Reached XP level 2. HP: 22/22 MP: 2/2
   293 | D:1      | Reached skill level 3 in Long Blades
   970 | D:2      | Reached XP level 3. HP: 25/28 MP: 3/3
  1691 | D:3      | Found Xiom Xiguh's Assorted Antiques.
  1863 | D:3      | Gained mutation: You have sharp fingernails. [demonic
                  | ancestry]
  1863 | D:3      | Reached XP level 4. HP: 15/34 MP: 4/4
  2094 | D:3      | Reached skill level 4 in Long Blades
  2362 | D:3      | Identified the +5 mace of Lust {vorpal, rC- Int+3 SInv}
  2529 | D:4      | Reached XP level 5. HP: 25/41 MP: 5/5
  2631 | D:4      | Slain by an orc priest

Illustrated notes

Levels and vault maps discovered:
D:1:      ncdulo_smallfort, layout_loops_cross, serial_shops, shop
D:2:      layout_basic, minmay_tromino_v4_a
D:3:      layout_basic, serial_shops, shop, chequers_serial_rivers_micro_b
D:4:      layout_rooms, portal_sewer_entry_d, chequers_serial_rivers_micro_e,
          minmay_misc_feat_cross

Skill      XL: |  1  2  3  4 |
---------------+-------------+-----
Throwing       | 2 |  2.0
Long Blades    | 3 4 |  4.7
Fighting       | 3 |  3.5
Dodging        | |  2.8

Action                   |  1- 3 |  4- 6 || total
-------------------------+-------+-------++-------
Melee: Long sword        |   117 |    90 ||   207
Throw: Throwing net      |       |     4 ||     4
       Javelin           |       |     1 ||     1
  Use: Scroll            |       |     7 ||     7
       Potion            |       |     2 ||     2
 Stab: Distracted        |       |     1 ||     1
Armor: Ring mail         |    10 |       ||    10
       Plate armour      |    80 |   113 ||   193
Dodge: Dodged            |    47 |    47 ||    94

Table legend: (Time is in decaauts)
 A = Elapsed time spent in this place.
 B = Non-inter-level travel time spent in this place.
 C = Inter-level travel time spent in this place.
 D = Time resting spent in this place.
 E = Time spent auto-exploring this place.
 F = Levels seen in this place.
 G = Mean time per level.
                   A        B        C        D        E       F      G
               +--------+--------+--------+--------+--------+-----+--------+
         Total |   2674 |   2556 |    118 |    127 |   1929 |   4 |  668.5 |
       Dungeon |   2674 |   2556 |    118 |    127 |   1929 |   4 |  668.5 |
               +--------+--------+--------+--------+--------+-----+--------+

Top non-repeatable levels by time:
     D:3: 967 daAuts
     D:2: 833 daAuts
     D:1: 751 daAuts
     D:4: 122 daAuts
